 Dungeon Crawl Stone Soup version 0.31.0-11-ge490571c62 (webtiles) character file.

Game seed: 17678709150414555016

69 Persephone the Shooter (level 4, -2/32 HPs)
             Began as a Barachi Hexslinger on Jan 30, 2024.
             Killed by divine providence
             ... invoked by an orc priest
              (14 damage)
             ... on level 3 of the Dungeon.
             The game lasted 00:02:03 (1708 turns).

Persephone the Shooter (Barachi Hexslinger)         Turns: 1708, Time: 00:02:03

Health: -2/32      AC:  3    Str:  9    XL:     4   Next: 20%
Magic:  5/5        EV: 12    Int: 14    God:
Gold:   81         SH:  0    Dex: 16    Spells: 5/5 levels left

rFire   . . .        a - +1 sling
rCold   . . .        (no shield)
rNeg    . . .        e - +0 leather armour
rPois   .            (no helmet)
rElec   .            (no cloak)
rCorr   .            (no gloves)
SInv    .            (no boots)
Will    .....        (no amulet)
Stlth   +            (no ring)
HPRegen 0.25/turn    (no ring)
MPRegen 0.09/turn

%: no passive effects
@: slow
A: amphibious, slowness 1, strong legs 1, +LOS
a: Hop


You were on level 3 of the Dungeon.
You visited 1 branch of the dungeon, and saw 3 of its levels.

You collected 81 gold pieces.

Inventory:

Hand Weapons
 a - a +1 sling (weapon)
Armour
 c - a +0 robe
 e - a +0 leather armour (worn)
Scrolls
 b - a scroll of poison
 d - a scroll of identify
 g - 2 scrolls of immolation
 h - 2 scrolls of vulnerability
 k - a scroll of teleportation
Potions
 i - a potion of magic {unknown}
 l - a potion of degeneration {unknown}


   Skills:
 - Level 1.2 Fighting
 + Level 4.3 Ranged Weapons
 - Level 2.1 Dodging
 - Level 1.1 Spellcasting
 - Level 3.2 Hexes
 - Level 1.1 Fire Magic


You had 5 spell levels left.
You didn't know any spells.
Your spell library contained the following spells:

 Spells                   Type           Power      Damage    Failure   Level
 Jinxbite                 Hex            18%        N/A       14%         2
 Sigil of Binding         Hex            9%         N/A       28%         3
 Inner Flame              Hex/Fire       6%         N/A       41%         3
 Cause Fear               Hex            4%         N/A       67%         4
 Dimensional Bullseye     Hex/Tloc       2%         N/A       88%         4


Dungeon Overview and Level Annotations

Branches:
Dungeon (3/15)

Altars:
Nemelex Xobeh


Innate Abilities, Weirdness & Mutations

You are amphibious.
You cover ground slowly.
You can hop short distances.
You have an extended range of vision and can be seen from far away.


Message History

An orc priest comes into view. It is wielding a +0 hand axe.
Fire: a) +1 sling
Press: ? - help, Shift-Dir - straight line, f/p - orc
Aim: an orc, wielding a +0 hand axe (60% to hit)
You shoot a sling bullet. The sling bullet barely misses the orc.
The orc priest shouts!
Fire: a) +1 sling
Press: ? - help, Shift-Dir - straight line, f/p - orc
Aim: an orc, wielding a +0 hand axe (60% to hit)
You shoot a sling bullet. The sling bullet hits the orc.
The orc is heavily wounded.
An orc comes into view. It is wielding a +0 club.
Fire: a) +1 sling
Press: ? - help, Shift-Dir - straight line, p - orc You shoot a sling bullet.
The orc attacks as it pursues you! The orc completely misses you.
The orc attacks as it pursues you! The orc hits you with a +0 hand axe. x2
The orc attacks as it pursues you! The orc closely misses you.
You shoot a sling bullet. The sling bullet hits the orc.
The orc is almost dead.
The orc closely misses you.
You shoot a sling bullet.
The sling bullet closely misses the orc.
The sling bullet hits the orc priest.
The orc priest is lightly wounded.
The orc hits you with a +0 hand axe.
You shoot a sling bullet.
The sling bullet closely misses the orc.
The sling bullet hits the orc priest!
The orc priest is severely wounded.
The orc hits you with a +0 hand axe.
The orc priest miscasts a cantrip.
The orc misses you.
You shoot a sling bullet. The sling bullet barely misses the orc.
The sling bullet closely misses the orc priest.
The sling bullet hits the orc!
The orc is almost dead.
The orc priest calls down the wrath of Beogh upon you.
Beogh smites you!
You die...

#.....
##.....###
.o>.o....#
#)# #.#
#o# #o#
#o# #@#
#.# #.#
#.## #.<#
####


You could see an orc priest and 2 orcs.

Vanquished Creatures
  4 adders
  A ribbon worm (D:2)
  A dart slug (D:2)
  3 orcs (D:2)
  5 hobgoblins
  A quokka (D:1)
  A ball python (D:1)
  5 bats
  2 frilled lizards
  4 kobolds
27 creatures vanquished.

Notes
Turn   | Place    | Note
-------+----------+-------------------------------------------
     0 | D:1      | Persephone the Barachi Hexslinger began the quest for the
                  | Orb.
     0 | D:1      | Reached XP level 1. HP: 15/15 MP: 2/2
   546 | D:1      | Reached XP level 2. HP: 21/21 MP: 3/3
   707 | D:2      | Found a sparkling altar of Nemelex Xobeh.
   714 | D:2      | Reached skill level 3 in Ranged Weapons
   776 | D:2      | Found a faded altar of an unknown god.
   803 | D:2      | Reached XP level 3. HP: 19/26 MP: 4/4
  1042 | D:2      | Reached skill level 4 in Ranged Weapons
  1335 | D:2      | Reached XP level 4. HP: 18/32 MP: 5/5
  1708 | D:3      | Killed from afar by an orc priest

Illustrated notes

Levels and vault maps discovered:
D:1:      co_arrival_random_square_maze, layout_basic
D:2:      layout_basic, basic_altar, basic_ecumenical_altar, dk_noncrumbling_2,
          minivault_14, nicolae_wormholes
D:3:      layout_basic, serial_shops, nicolae_shop_drivethru, hex_tiny

Skill      XL: |  1  2  3 |
---------------+----------+-----
Ranged Weapons | 3 4 |  4.3
Fighting       | |  1.2
Dodging        | |  2.1
Spellcasting   | |  1.1
Hexes          | |  3.2
Fire Magic     | |  1.1

Action                     |  1- 3 |  4- 6 || total
---------------------------+-------+-------++-------
   Fire: Sling             |    93 |    21 ||   114
    Use: Scroll            |       |     5 ||     5
 Armour: Robe              |     6 |       ||     6
         Leather armour    |    25 |     9 ||    34
  Dodge: Dodged            |    38 |     8 ||    46
